 Dungeon Sprint DCSS version 0.20-a0-641-g673355a (webtiles) character file.

40521 Kidiri the Eclecticist (level 13, -3/83 HPs)
             Began as a Deep Elf Fire Elementalist on Feb 13, 2017.
             Was the Champion of Vehumet.
             Slain by a soul eater (8 damage)
             ... summoned by an obsidian statue
             ... in the Dungeon (Sprint III: "The Ten Rune Challenge").
             The game lasted 00:23:59 (5174 turns).

Kidiri the Eclecticist (Deep Elf Fire Elementalist) Turns: 5174, Time: 00:23:59

Health: -3/83      AC: 10    Str:  3    XL:     13   Next: 4%
Magic:  30/38      EV: 21    Int: 26    God:    Vehumet [******]
Gold:   68         SH:  0    Dex: 17    Spells: 9/50 levels left

rFire    + . .     SeeInvis .   j - +2 dagger (vamp)
rCold    + . .     Gourm    .   n - +2 robe {rC+ rF+}
rNeg     . . .     Faith    .   (no shield)
rPois    .         Spirit   .   f - +1 hat
rElec    .         Reflect  .   (no cloak)
rCorr    .         Harm     .   (no gloves)
MR       +....     NoTele   +   (no boots)
Stlth    ++........             (no amulet)
Regen    0.3/turn               (no ring)
MPRegen  0.3/turn               (no ring)

@: very slightly contaminated, heavily drained
A: icy blue scales 1, rugged brown scales 1, thin metallic scales 1, agile 1,
weak 1
}: 1/10 runes: decaying
a: Renounce Religion


You were in the Dungeon.
You worshipped Vehumet.
Vehumet was exalted by your worship.
You were full.

You visited 1 branch You collected 68 gold pieces.

Inventory:

Hand Weapons
 j - a +2 vampiric dagger (weapon)
 t - a +2 dagger of holy wrath
Armour
 f - a +1 hat (worn)
 n - a +2 robe of resistance (worn)
Scrolls
 m - a scroll of immolation
 o - 4 scrolls of remove curse
 r - a scroll of enchant armour {unknown}
Potions
 b - a potion of might
 d - a potion of curing
 e - 3 potions of heal wounds
 g - 2 potions of magic
 h - a potion of berserk rage
 l - a potion of lignification {unknown}
 p - a potion of agility
 q - 3 potions of flight
 s - a potion of resistance {unknown}
Comestibles
 a - 6 chunks of flesh
 c - 2 bread rations
 k - 17 royal jellies


   Skills:
 + Level 9.7(8.2) Fighting
 + Level 10.5(9.0) Short Blades
 + Level 9.5(8.1) Armour
 + Level 13.2(11.6) Dodging
 - Level 2.4(1.2) Stealth
 * Level 19.1(17.3) Spellcasting
 + Level 12.2(10.6) Conjurations
 + Level 12.5(10.9) Fire Magic
 + Level 10.4(8.9) Ice Magic
 + Level 10.0(8.5) Air Magic
 + Level 10.6(9.1) Poison Magic


You had 9 spell levels left.
You knew the following spells:

 Your Spells              Type           Power        Failure   Level  Hunger
a - Flame Tongue          Conj/Fire      #####        1%          1    None
b - Throw Flame           Conj/Fire      ######       1%          2    None
c - Conjure Flame         Conj/Fire      ######..     1%          3    None
d - Inner Flame           Hex/Fire       ######..     1%          3    None
e - Sticky Flame          Conj/Fire      ######..     1%          4    None
f - Fireball              Conj/Fire      ######....   1%          5    None
g - Mephitic Cloud        Conj/Pois/Air  ######..     1%          3    None
h - Freeze                Ice            ####         1%          1    None
i - Dazzling Spray        Conj/Hex       ######       1%          3    None
j - Airstrike             Air            ######....   1%          4    None
k - Bolt of Cold          Conj/Ice       ######....   2%          6    ###....
l - Freezing Cloud        Conj/Ice/Air   ######....   2%          6    ###....


Dungeon Overview and Level Annotations

Branches:
Dungeon (1/1)

Altars:
Cheibriados
Dithmenos
Elyvilon
Fedhas
Gozag
Hepliaklqana
Kikubaaqudgha
Makhleb
Nemelex Xobeh
Okawaru
Qazlal
Ru
Sif Muna
Trog
Uskayaw
Vehumet
Xom
Yredelemnul
Zin
The Shining One
Beogh
Jiyva
Lugonu

Shops:
D ?}[

Annotations:
D exclusion: obsidian statue


Innate Abilities, Weirdness & Mutations

You are partially covered in icy blue scales. (AC +2)
You are partially covered in rugged brown scales. (AC +1, +3% HP)
You are partially covered in thin metallic scales. (AC +2)
You are agile. (Dex +2)
You are weak. (Str -2)


Message History

Confirm with . or Enter, or press ? or * to list all spells.
Aiming: Airstrike
Press: ? - help, Dir - move target cursor, f/p - obsidian statue
Aim: an obsidian statue (grey smoke, lightly damaged, covered in liquid flames)
The air twists around and strikes the obsidian statue!
The obsidian statue is lightly damaged.
The sixfirhy completely misses you. x2; The sixfirhy hits you!
The sixfirhy shocks you! The ufetubus completely misses you.
The ufetubus barely misses you. The sixfirhy misses you.
The shadow imp closely misses you. The soul eater completely misses you.
The soul eater barely misses you.
Blink to where?
Press: ? - help, Dir - move target cursor, p - obsidian statue You are very lightly contaminated with residual magic.
As you read the scroll of blinking, it crumbles to dust.
The sixfirhy closely misses you. The ufetubus misses you.
The ufetubus completely misses you. The soul eater hits you!!
* * * LOW HITPOINT WARNING * * *
You feel drained.
You die...

#.....+
#.##### #.#
#.# #.# ##
#.# ###8#
#.# ###§§3#
#.#+#§53§5#
#.#.§§@3§§#
#.#.§§§§§.#
#...§§§§§.#
#########.#
... ....
...


You could see a soul eater, a sixfirhy and an ufetubus.

Vanquished Creatures
  Xtahua (D)
  Rupert (D)
  Gastronok (D)
  Dowan (D)
  2 dire elephants (D)
  A fire dragon (D)
  3 hydras (D)
  Erica (D)
  A centaur warrior (D)
  4 death yaks (D)
  Urug (D)
  2 unseen horrors (D)
  A lindwurm (D)
  A deep elf mage (D)
  2 elephants (D)
  2 black mambas (D)
  2 spiny frogs (D)
  Duvessa (D)
  A komodo dragon (D)
  A rime drake (D)
  3 wandering mushrooms (D)
  A queen bee (D)
  2 tyrant leeches (D)
  An orc high priest (D)
  8 blink frogs (D)
  3 redbacks (D)
  A shadow (D)
  2 hell hounds (D)
  A spatial vortex (D)
  A swamp drake (D)
  A necrophage (D)
  2 centaurs (D)
  A water elemental (D)
  25 killer bees (D)
  An electric eel (D)
  3 orc priests (D)
  A jelly (D)
  Jessica (D)
  A wizard (D)
  A necromancer (D)
  3 humans (D)
  A kobold demonologist (D)
  An ooze (D)
  A phantom (D)
  2 rats (D)
  4 plants (D)
102 creatures vanquished.

Vanquished Creatures (collateral kills)
  5 killer bees (D)
5 creatures vanquished.

Vanquished Creatures (others)
  2 draconian scorchers (D)
  3 yaktaurs (D)
  6 hellions (D)
  2 killer bees (D)
  6 plants (D)
19 creatures vanquished.

Grand Total: 126 creatures vanquished

Notes
Turn   | Place    | Note
-------+----------+-------------------------------------------
     0 | D        | Kidiri the Deep Elf Fire Elementalist began the quest for the Orb.
     0 | D        | Reached XP level 1. HP: 10/10 MP: 6/6
    78 | D        | Noticed Jessica
    85 | D        | Killed Jessica
    85 | D        | Reached skill level 1 in Fighting
    85 | D        | Reached skill level 1 in Armour
    85 | D        | Reached skill level 5 in Spellcasting
    85 | D        | Reached XP level 2. HP: 13/16 MP: 0/10
    85 | D        | Reached XP level 3. HP: 17/20 MP: 0/11
    89 | D        | Learned a level 2 spell: Throw Flame
    93 | D        | Learned a level 3 spell: Conjure Flame
    96 | D        | Killed a yaktaur
    97 | D        | Learned a level 3 spell: Inner Flame
   105 | D        | Killed a hellion
   108 | D        | Killed a hellion
   131 | D        | Killed a hellion
   131 | D        | Killed a hellion
   143 | D        | Killed a hellion
   143 | D        | Killed a hellion
   147 | D        | Killed a white draconian scorcher
   268 | D        | Killed a white draconian scorcher
   306 | D        | Gained mutation: You expend magic power (3 MP) to strengthen your wands. [potion of mutation]
   306 | D        | Gained mutation: You are frail. (-10% HP) [potion of mutation]
   306 | D        | Gained mutation: You are resistant to hostile enchantments. (MR+) [potion of mutation]
   307 | D        | Lost mutation: You are frail. (-10% HP) [potion of mutation]
   307 | D        | Lost mutation: You are resistant to hostile enchantments. (MR+) [potion of mutation]
   307 | D        | Lost mutation: You expend magic power (3 MP) to strengthen your wands. [potion of mutation]
   307 | D        | Gained mutation: You are partially covered in iridescent scales. (AC +2) [potion of mutation]
   307 | D        | Gained mutation: Your mind is acute. (Int +2) [potion of mutation]
   308 | D        | Lost mutation: You are partially covered in iridescent scales. (AC +2) [potion of mutation]
   308 | D        | Lost mutation: Your mind is acute. (Int +2) [potion of mutation]
   308 | D        | Gained mutation: You are partially covered in thin metallic scales. (AC +2) [potion of mutation]
   308 | D        | Gained mutation: Armour fits poorly on your strangely shaped body. [potion of mutation]
   308 | D        | Gained mutation: You have a pair of small antennae on your head. [potion of mutation]
   308 | D        | Gained mutation: You are partially covered in rugged brown scales. (AC +1, +3% HP) [potion of mutation]
   309 | D        | Lost mutation: Armour fits poorly on your strangely shaped body. [potion of mutation]
   309 | D        | Lost mutation: You have a pair of small antennae on your head. [potion of mutation]
   309 | D        | Gained mutation: You are weak. (Str -2) [potion of mutation]
   309 | D        | Gained mutation: You are partially covered in icy blue scales. (AC +2) [potion of mutation]
   309 | D        | Gained mutation: You are agile. (Dex +2) [potion of mutation]
   341 | D        | Noticed a water elemental
   343 | D        | Killed a water elemental
   343 | D        | Reached skill level 7 in Spellcasting
   343 | D        | Reached skill level 5 in Fire Magic
   343 | D        | Reached XP level 4. HP: 27/27 MP: 8/15
   349 | D        | Learned a level 4 spell: Sticky Flame
   396 | D        | Found a radiant altar of Vehumet.
   397 | D        | Found a deep blue altar of Sif Muna.
   397 | D        | Found an ancient bone altar of Kikubaaqudgha.
   397 | D        | Noticed a wizard
   399 | D        | Killed a wizard
   399 | D        | Reached skill level 5 in Dodging
   399 | D        | Reached XP level 5. HP: 32/32 MP: 7/17
   426 | D        | Learned a level 5 spell: Fireball
   429 | D        | Became a worshipper of Vehumet
   525 | D        | Found a glowing silver altar of Zin.
   526 | D        | Found a glowing golden altar of the Shining One.
   526 | D        | Found a white marble altar of Elyvilon.
   526 | D        | Noticed a deep elf mage
   534 | D        | Killed a deep elf mage
   534 | D        | Reached skill level 10 in Spellcasting
   534 | D        | Reached XP level 6. HP: 36/40 MP: 13/21
   534 | D        | Reached XP level 7. HP: 40/45 MP: 14/23
   539 | D        | Learned a level 3 spell: Mephitic Cloud
   585 | D        | Found a hide-covered altar of Uskayaw.
   585 | D        | Found a roughly hewn altar of Beogh.
   585 | D        | Found an iron altar of Okawaru.
   585 | D        | Found a bloodstained altar of Trog.
   585 | D        | Noticed a human
   589 | D        | Noticed a human
   594 | D        | Killed a human
   594 | D        | Reached skill level 11 in Spellcasting
   594 | D        | Reached skill level 1 in Air Magic
   594 | D        | Reached skill level 1 in Poison Magic
   600 | D        | Killed a human
   600 | D        | Reached * piety under Vehumet
   600 | D        | Offered knowledge of Sting by Vehumet.
   720 | D        | Found a basalt altar of Yredelemnul.
   720 | D        | Found a shadowy altar of Dithmenos.
   720 | D        | Found a sacrificial altar of Ru.
   819 | D        | Reached ** piety under Vehumet
   819 | D        | Offered knowledge of Freeze by Vehumet.
   819 | D        | Reached skill level 5 in Fighting
   819 | D        | Reached skill level 5 in Armour
   822 | D        | Learned a level 1 spell: Freeze
   824 | D        | Noticed a shadow
   828 | D        | Killed a shadow
   828 | D        | Reached skill level 1 in Ice Magic
   828 | D        | Reached XP level 8. HP: 49/49 MP: 14/25
   893 | D        | Found a blossoming altar of Fedhas.
   893 | D        | Found a stormy altar of Qazlal.
   893 | D        | Found a snail-covered altar of Cheibriados.
   893 | D        | Found a burning altar of Makhleb.
   893 | D        | Found a shimmering altar of Xom.
   894 | D        | Found a hazy altar of Hepliaklqana.
   894 | D        | Found an opulent altar of Gozag.
   894 | D        | Found a sparkling altar of Nemelex Xobeh.
   894 | D        | Found a corrupted altar of Lugonu.
   894 | D        | Found a viscous altar of Jiyva.
   919 | D        | Offered knowledge of Dazzling Spray by Vehumet.
   919 | D        | Reached skill level 12 in Spellcasting
  1022 | D        | Killed a yaktaur
  1051 | D        | Noticed Erica
  1142 | D        | Killed Erica
  1142 | D        | Reached skill level 5 in Short Blades
  1297 | D        | Learned a level 3 spell: Dazzling Spray
  1471 | D        | Noticed a centaur warrior
  1475 | D        | Reached *** piety under Vehumet
  1475 | D        | Reached XP level 9. HP: 56/56 MP: 24/27
  1482 | D        | Killed a centaur warrior
  1482 | D        | Offered knowledge of Airstrike by Vehumet.
  1482 | D        | Reached skill level 13 in Spellcasting
  1482 | D        | Reached skill level 5 in Poison Magic
  1491 | D        | Learned a level 4 spell: Airstrike
  1568 | D        | Noticed an unseen horror
  1573 | D        | Noticed an unseen horror
  1574 | D        | Killed an unseen horror
  1574 | D        | Reached skill level 5 in Air Magic
  1580 | D        | Killed an unseen horror
  1580 | D        | Reached **** piety under Vehumet
  1580 | D        | Offered knowledge of Irradiate by Vehumet.
  1580 | D        | Reached skill level 14 in Spellcasting
  1580 | D        | Reached skill level 5 in Ice Magic
  1638 | D        | Noticed a queen bee
  1643 | D        | Killed a queen bee
  1643 | D        | Reached ***** piety under Vehumet
  1643 | D        | Reached XP level 10. HP: 59/62 MP: 17/30
  1660 | D        | Reached ****** piety under Vehumet
  1726 | D        | Reached skill level 10 in Dodging
  1948 | D        | Offered knowledge of Iskenderun's Mystic Blast by Vehumet.
  2081 | D        | Noticed a spiny frog
  2081 | D        | Noticed a spiny frog
  2084 | D        | Killed a spiny frog
  2086 | D        | Killed a spiny frog
  2086 | D        | Reached skill level 15 in Spellcasting
  2087 | D        | Reached skill level 10 in Fire Magic
  2176 | D        | Offered knowledge of Bolt of Cold by Vehumet.
  2326 | D        | Learned a level 6 spell: Bolt of Cold
  2336 | D        | Noticed a lindwurm
  2338 | D        | Killed a lindwurm
  2338 | D        | Reached XP level 11. HP: 69/69 MP: 23/32
  2428 | D        | Noticed Urug
  2433 | D        | Killed Urug
  2601 | D        | Reached skill level 16 in Spellcasting
  2601 | D        | Reached skill level 10 in Conjurations
  2601 | D        | Offered knowledge of Iskenderun's Battlesphere by Vehumet.
  2657 | D        | Noticed Rupert
  2705 | D        | Killed Rupert
  2833 | D        | Noticed a death yak
  2834 | D        | Noticed a death yak
  2837 | D        | Noticed a death yak
  2840 | D        | Noticed a death yak
  2843 | D        | Killed a death yak
  2846 | D        | Killed a death yak
  3103 | D        | Killed a death yak
  3103 | D        | Reached skill level 17 in Spellcasting
  3109 | D        | Offered knowledge of Spellforged Servitor by Vehumet.
  3308 | D        | Killed a death yak
  3626 | D        | Noticed an azure jelly
  3626 | D        | Noticed an azure jelly
  3642 | D        | Reached XP level 12. HP: 77/77 MP: 30/35
  3667 | D        | Found Ramireg's Magic Scroll Shoppe.
  3667 | D        | Found Quhumate's Gadget Boutique.
  3667 | D        | Found Kaphum's Antique Armour Emporium.
  3677 | D        | Noticed a fire dragon
  3682 | D        | Killed a fire dragon
  3904 | D        | Noticed a four-headed hydra
  3904 | D        | Noticed Xtahua
  3910 | D        | Killed a four-headed hydra
  3910 | D        | Offered knowledge of Poison Arrow by Vehumet.
  3982 | D        | Paralysed by Xtahua for 4 turns
  3989 | D        | Killed Xtahua
  3989 | D        | Reached skill level 18 in Spellcasting
  4047 | D        | Got a decaying rune of Zot
  4451 | D        | Noticed an azure jelly
  4451 | D        | Noticed an azure jelly
  4452 | D        | Noticed a dire elephant
  4452 | D        | Noticed a dire elephant
  4452 | D        | Noticed Gastronok
  4459 | D        | Killed a dire elephant
  4459 | D        | Reached skill level 10 in Short Blades
  4460 | D        | Killed Gastronok
  4460 | D        | Reached skill level 10 in Poison Magic
  4463 | D        | Killed a dire elephant
  4463 | D        | Reached skill level 10 in Ice Magic
  4652 | D        | Noticed a five-headed hydra
  4652 | D        | Noticed an eight-headed hydra
  4664 | D        | Killed a five-headed hydra
  4664 | D        | Offered knowledge of Freezing Cloud by Vehumet.
  4664 | D        | Killed an eight-headed hydra
  4694 | D        | Learned a level 6 spell: Freezing Cloud
  4832 | D        | Noticed Dowan
  4832 | D        | Noticed Duvessa
  4841 | D        | Killed Dowan
  4841 | D        | Reached skill level 19 in Spellcasting
  4841 | D        | Reached XP level 13. HP: 70/83 MP: 24/38
  4847 | D        | Killed Duvessa
  4920 | D        | Reached skill level 10 in Air Magic
  5174 | D        | Slain by a soul eater

Vault maps used:
D:        dungeon_sprint_mu

Skill      XL: |  1  2  3  4  5  6  7  8  9 10 11 12 13 |
---------------+----------------------------------------+-----
Fighting       | 1 2 4 5 6 7 8 9 |  9.7
Armour         | 1 2 4 5 6 7 8 9 |  9.5
Dodging        | 3 4 5 7 8 9 10 11 13 | 13.2
Spellcasting   | 5 7 10 11 12 14 15 17 19 | 19.1
Conjurations   | 2 3 4 6 7 8 9 10 12 | 12.2
Fire Magic     | 4 5 7 8 9 10 11 12 | 12.5
Short Blades   | 3 4 5 6 7 9 10 | 10.5
Air Magic      | 2 4 5 6 8 9 10 | 10.0
Poison Magic   | 2 4 6 7 9 10 | 10.6
Ice Magic      | 1 3 5 6 8 10 | 10.4
Stealth        | |  2.4

Action                   |  1- 3 |  4- 6 |  7- 9 | 10-12 | 13-15 || total
-------------------------+-------+-------+-------+-------+-------++-------
Melee: Unarmed           |       |     5 |       |       |       ||     5
       Dagger            |       |       |     3 |    54 |   173 ||   230
 Cast: Flame Tongue      |    27 |     6 |    74 |    66 |     3 ||   176
       Conjure Flame     |     1 |       |     2 |    13 |       ||    16
       Throw Flame       |     1 |       |     1 |    10 |       ||    12
       Sticky Flame      |       |     2 |     9 |    20 |     2 ||    33
       Mephitic Cloud    |       |       |     6 |    11 |       ||    17
       Fireball          |       |       |     2 |     6 |       ||     8
       Dazzling Spray    |       |       |    11 |       |       ||    11
       Bolt of Cold      |       |       |       |    32 |     1 ||    33
       Airstrike         |       |       |       |     3 |     1 ||     4
       Freezing Cloud    |       |       |       |     1 |     1 ||     2
  Use: Potion            |     4 |       |     1 |     1 |       ||     6
       Scroll            |     2 |       |       |       |     1 ||     3
 Stab: Confused          |       |       |     1 |     7 |       ||     8
  Eat: Royal jelly       |       |     1 |       |    10 |       ||    11
       Meat ration       |       |     1 |       |       |       ||     1
       Chunk             |       |       |       |     1 |       ||     1
Armor: Robe              |     1 |    12 |     5 |     9 |     1 ||    28
Dodge: Dodged            |     7 |    31 |    33 |    69 |    16 ||   156
